Map: Acropolis LE

Players

Clem - Winner!

  • Race: Terran Terran
  • League: Master
  • Spawn Location: 5:00

liquidthermy (uThermal)

  • Race: Terran Terran
  • Spawn Location: 11:00

Event: HomeStory Cup XX

VOD

Have the link to the VOD?

Description

Time

  • Played on: Nov. 23, 2019, 5:05 a.m.
  • Length: 22:11

All games in this series

Show
View Real Time Build Order
Export as new Build Order

Clem Terran - Winner!

Build Orders: Reaper Expand, Mech, Banshee Rush 

Get SALT Encoding   

  12  0:00  SCV  
  13  0:13  SCV  
  14  0:17  Supply Depot  
  14  0:25  SCV  
  15  0:38  SCV  
  15  0:40  Barracks  
  16  0:45  Refinery  
  16  0:50  SCV  
  17  1:03  SCV  
  18  1:15  SCV  
  19  1:27  Reaper  
  19  1:28  Orbital Command  
  20  1:41  Command Center  
  20  1:51  Supply Depot  
  20  1:53  SCV  
  21  1:59  Marine  
  22  2:06  Factory  
  22  2:09  SCV  
  22  2:15  Refinery  
  23  2:21  SCV  
  23  2:22  Barracks Reactor  
  24  2:33  SCV  
  23  2:45  SCV  
  23  2:49  Hellion  
  23  2:50  Starport  
  26  2:53  Orbital Command  
  26  2:58  Marine x2, SCV  
  29  3:10  SCV  
  29  3:11  Factory Tech Lab  
  30  3:17  Marine x2  
  30  3:19  SCV  
  33  3:22  SCV  
  33  3:26  Supply Depot  
  34  3:32  Cloaking Field  
  34  3:33  Banshee  
  37  3:35  SCV  
  37  3:38  Factory Tech Lab  
  37  3:40  Supply Depot  
  38  3:44  Marine x2, SCV  
  41  3:49  SCV  
  42  3:56  SCV  
  42  4:00  Siege Tank  
  42  4:01  SCV  
  47  4:04  Refinery  
  47  4:06  Marine x2  
  47  4:09  SCV  
  50  4:11  Supply Depot  
  50  4:13  SCV  
  50  4:16  Banshee  
  54  4:21  SCV  
  55  4:26  Supply Depot  
  55  4:27  Marine x2  
  55  4:28  SCV  
  58  4:36  SCV  
  59  4:40  Siege Tank  
  59  4:41  SCV  
  63  4:47  Command Center  
  63  4:50  SCV  
  64  4:53  SCV  
  64  4:54  Marine x2  
  64  4:58  Supply Depot  
  67  5:02  Raven  
  67  5:03  Refinery  
  67  5:04  SCV  
  70  5:07  SCV  
  71  5:14  Marine x2  
  71  5:17  SCV  
  71  5:18  Siege Tank  
  77  5:23  Supply Depot, SCV  
  78  5:28  Supply Depot  
  78  5:29  SCV  
  79  5:36  Factory, SCV  
  79  5:41  SCV  
  80  5:44  Factory  
  80  5:48  SCV  
  81  5:53  Siege Tank, SCV  
  82  5:59  Orbital Command  
  82  6:00  SCV  
  83  6:05  SCV  
  84  6:12  Starport Reactor, SCV  
  84  6:13  Supply Depot  
  84  6:17  SCV  
  86  6:21  Armory x2  
  86  6:26  SCV  
  86  6:30  Refinery, Hellion x2  
  86  6:32  Mag-Field Accelerator, Cyclone  
  94  6:34  Refinery  
  94  6:36  Supply Depot  
  94  6:37  SCV  
  94  6:38  Orbital Command  
  94  6:39  SCV  
  95  6:48  Cyclone  
  95  6:49  SCV  
  95  6:51  SCV  
  100  6:56  Hellion x2  
  100  7:01  SCV  
  105  7:04  SCV x2  
  105  7:05  Liberator  
  104  7:10  Liberator  
  104  7:11  Supply Depot, Terran Vehicle And Ship Armor Level 1  
  104  7:12  Terran Vehicle Weapons Level 1  
  104  7:13  SCV  
  105  7:16  Cyclone  
  105  7:19  SCV x2  
  113  7:29  Hellion x2  
  117  7:31  Supply Depot, SCV x2  
  117  7:33  SCV  
  120  7:43  SCV  
  121  7:52  Command Center  
  121  7:54  SCV x2  
  120  8:02  Factory  
  120  8:03  Factory  
  120  8:05  Cyclone x2  
  123  8:08  Hellion x2  
  123  8:12  Supply Depot  
  130  8:18  Infernal Pre-Igniter  
  130  8:21  Supply Depot  
  130  8:26  Viking x2, Supply Depot  
  134  8:35  Hellion x2  
  134  8:36  Supply Depot  
  134  8:37  Engineering Bay  
  138  8:53  Factory Reactor  
  138  8:54  Factory Tech Lab  
  137  8:58  Hellion x2  
  137  9:00  SCV  
  137  9:01  SCV x2  
  143  9:03  Siege Tank x2  
  148  9:11  Command Center  
  148  9:15  Missile Turret  
  148  9:16  Missile Turret  
  148  9:18  Siege Tank  
  148  9:20  Terran Vehicle Weapons Level 2  
  151  9:24  Terran Vehicle And Ship Armor Level 2  
  151  9:28  Planetary Fortress  
  151  9:33  Refinery  
  151  9:35  Refinery  
  151  9:36  SCV x3  
  154  9:45  Siege Tank x2  
  160  9:50  Viking x2, Siege Tank  
  167  9:53  SCV x3  
  170  10:02  Hellion x2, Supply Depot  
  170  10:05  SCV  
  170  10:07  SCV  
  176  10:08  SCV x2  
  178  10:18  SCV  
  178  10:19  Command Center, Cyclone x2  
  178  10:30  Hellion x2  
  178  10:35  SCV  
  171  10:38  SCV x2  
  171  10:40  Hellion  
  171  10:41  Hellion  
  173  10:44  Viking  
  173  10:45  Viking  
  173  10:46  SCV  
  173  10:47  SCV  
  176  10:50  SCV  
  176  10:52  SCV  
  178  10:58  Siege Tank x3  
  178  11:02  Refinery  
  173  11:05  Refinery  
  173  11:07  Hellion x2  
  167  11:16  Hellion x2  
  171  11:23  Viking  
  171  11:25  Starport x2, Viking  
  172  11:30  Siege Tank  
  172  11:31  Hellion x2  
  172  11:32  Siege Tank  
  182  11:35  Orbital Command  
  182  11:36  Planetary Fortress  
  182  11:46  SCV x3  
  180  11:47  SCV  
  180  11:51  Hellion x2  
  180  11:54  Thor  
  190  12:02  Thor  
  196  12:08  Starport Tech Lab  
  196  12:09  Starport Tech Lab  
  196  12:11  Fusion Core  
  196  12:15  Starport, Viking x2  
  166  12:30  Thor  
  166  12:31  Viking x2  
  176  12:45  Viking x2, Terran Vehicle And Ship Armor Level 3  
  176  12:46  Terran Ship Weapons Level 1  
  176  12:53  Starport Tech Lab  
  176  12:54  Hellion  
  176  12:55  Hellion x2  
  181  13:03  SCV  
  181  13:04  SCV  
  181  13:05  Command Center  
  183  13:06  Viking  
  183  13:07  Viking  
  187  13:13  Viking  
  187  13:15  Viking  
  187  13:19  SCV  
  190  13:33  Hellion x2  
  194  13:34  Viking  
  194  13:36  Viking  
  194  13:37  Viking  
  198  13:44  Missile Turret  
  198  13:45  Command Center  
  198  13:52  Viking  
  200  14:02  Viking  
  189  14:04  Viking  
  189  14:06  Viking  
  189  14:07  Viking  
  170  14:19  Hellion x2  
  170  14:22  Viking  
  175  14:28  SCV  
  175  14:32  Viking, SCV  
  175  14:34  Viking, Orbital Command  
  175  14:36  Viking, SCV  
  178  14:44  SCV  
  171  14:46  SCV  
  161  14:56  Hellion x4  
  165  15:02  Orbital Command, SCV x3  
  165  15:04  SCV  
  169  15:09  SCV  
  167  15:18  Siege Tank x3  
  167  15:19  SCV  
  167  15:20  SCV  
  179  15:21  SCV  
  179  15:23  SCV  
  155  15:32  Viking x3  
  158  15:36  Viking  
  158  15:37  Viking  
  160  15:47  Hellion  
  160  15:49  Hellion  
  148  15:50  Siege Tank  
  148  15:52  Hellion x2  
  142  15:58  Refinery  
  142  16:00  Siege Tank  
  142  16:02  Viking x3, Liberator, Siege Tank  
  154  16:06  Viking  
  154  16:07  Missile Turret  
  154  16:08  Hellion  
  150  16:13  Orbital Command  
  150  16:15  Liberator, Missile Turret  
  150  16:17  Missile Turret  
  150  16:19  Liberator  
  150  16:22  Cyclone  
  155  16:27  Hellion  
  155  16:29  Hellion  
  155  16:33  Siege Tank  
  155  16:34  Siege Tank  
  161  16:40  Hellion x2  
  165  16:49  Command Center  
  165  16:54  Siege Tank  
  165  16:58  Missile Turret, Battlecruiser  
  165  16:59  Missile Turret  
  174  17:05  Siege Tank  
  177  17:13  Battlecruiser  
  182  17:16  Battlecruiser  
  182  17:20  Siege Tank  
  191  17:26  Siege Tank  
  191  17:29  Refinery, Missile Turret, SCV  
  193  17:30  Refinery, SCV x2  
  193  17:33  SCV  
  191  17:38  SCV  
  191  17:41  Missile Turret  
  191  17:43  Siege Tank  
  191  17:44  Orbital Command  
  169  17:53  SCV x2  
  169  18:00  Hellion x2  
  169  18:02  Battlecruiser  
  179  18:07  Hellion  
  179  18:09  Siege Tank  
  179  18:12  SCV x2  
  184  18:13  SCV  
  184  18:17  Battlecruiser  
  181  18:21  SCV  
  181  18:24  Orbital Command  
  172  18:30  Siege Tank  
  175  18:47  Hellion  
  177  18:52  Hellion  
  177  18:53  Hellion x3  
  177  18:54  Weapon Refit  
  183  18:57  SCV x2  
  183  18:58  SCV  
  183  18:59  SCV  
  184  19:05  SCV  
  183  19:12  SCV  
  183  19:16  Battlecruiser  
  188  19:20  SCV x2  
  186  19:28  SCV  
  179  19:47  SCV  
  179  19:48  SCV  
  179  19:52  Hellion x4  
  187  19:56  SCV  
  188  20:04  Battlecruiser  
  187  20:08  Hellion  
  171  20:16  Hellion  
  171  20:17  Hellion  
  171  20:18  SCV x2  
  171  20:20  SCV  
  157  20:23  SCV  
  157  20:24  Hellion  
  157  20:28  SCV  
  139  20:33  Hellion, Siege Tank  
  139  20:34  SCV x2  
  141  20:37  SCV  
  141  20:39  SCV x2  
  145  20:42  SCV  
  141  20:53  Siege Tank  
  138  20:59  Hellion  
  138  21:04  Hellion  
  142  21:06  SCV  
  142  21:07  SCV  
  142  21:08  SCV  
  145  21:15  SCV  
  145  21:16  SCV  
  124  21:33  SCV  
  125  21:40  Orbital Command  
  121  21:58  SCV x4  
Show
View Real Time Build Order
Export as new Build Order

liquidthermy Terran 

Build Orders: Gas First Reaper Expand 

Get SALT Encoding   

  12  0:01  SCV  
  13  0:13  SCV  
  14  0:18  Supply Depot  
  14  0:25  SCV  
  14  0:27  Refinery  
  15  0:39  SCV  
  16  0:44  Barracks  
  16  0:51  SCV  
  17  1:03  SCV  
  18  1:16  SCV  
  19  1:31  Orbital Command, Reaper  
  20  1:41  Command Center  
  20  1:51  Refinery  
  20  1:57  SCV  
  21  2:03  Supply Depot, Reaper  
  22  2:09  SCV  
  23  2:24  SCV  
  24  2:36  SCV, Barracks Reactor  
  25  2:45  Factory  
  25  2:49  SCV  
  26  2:56  Orbital Command  
  26  2:59  Bunker  
  26  3:01  SCV  
  27  3:13  Command Center, SCV  
  27  3:16  Marine  
  27  3:19  Marine  
  28  3:21  SCV  
  28  3:25  SCV  
  31  3:28  Factory Tech Lab  
  31  3:33  SCV  
  32  3:37  SCV  
  32  3:38  Starport  
  33  3:44  Marine  
  33  3:46  SCV  
  33  3:48  Cyclone  
  38  3:49  SCV  
  38  3:52  Marine  
  40  3:58  SCV  
  40  3:59  Supply Depot  
  40  4:01  Marine, SCV  
  43  4:10  Marine, SCV  
  43  4:13  SCV  
  43  4:16  Refinery  
  46  4:18  Refinery  
  46  4:20  Marine  
  46  4:22  SCV  
  48  4:24  Raven  
  48  4:25  Factory Tech Lab, SCV  
  48  4:27  Orbital Command  
  48  4:28  Marine  
  52  4:34  SCV  
  52  4:38  Marine, SCV  
  54  4:44  Siege Tank  
  58  4:45  Marine  
  58  4:46  SCV  
  58  4:50  SCV  
  61  4:56  SCV  
  61  4:57  Supply Depot  
  61  4:58  SCV  
  64  5:02  SCV  
  64  5:07  Armory x2  
  64  5:08  SCV  
  64  5:10  SCV  
  64  5:13  Viking  
  68  5:17  Supply Depot  
  68  5:18  Viking, Siege Tank, SCV  
  68  5:20  SCV  
  75  5:24  Engineering Bay  
  75  5:25  SCV  
  76  5:31  SCV  
  77  5:39  SCV x2  
  79  5:43  Viking, SCV  
  79  5:45  Supply Depot  
  79  5:48  Viking  
  84  5:51  SCV  
  84  5:56  SCV x2  
  85  6:01  Terran Vehicle And Ship Armor Level 1, Terran Vehicle Weapons Level 1  
  85  6:02  Siege Tank  
  85  6:03  SCV  
  85  6:08  Missile Turret  
  85  6:09  Missile Turret  
  85  6:11  SCV  
  85  6:14  Viking  
  85  6:18  Viking  
  90  6:20  SCV  
  90  6:21  Supply Depot  
  90  6:22  Supply Depot  
  90  6:23  SCV  
  92  6:30  Orbital Command  
  92  6:32  SCV  
  93  6:36  Refinery x2, Missile Turret  
  93  6:39  Liberator  
  93  6:42  Siege Tank, SCV  
  93  6:44  SCV  
  93  6:45  Viking  
  97  6:49  Marine  
  97  6:54  SCV  
  97  6:56  SCV  
  97  6:58  SCV  
  102  7:10  SCV  
  102  7:11  Supply Depot  
  102  7:12  SCV  
  102  7:13  Supply Depot  
  102  7:14  Siege Tank  
  107  7:15  Viking  
  109  7:32  SCV x3  
  109  7:33  Sensor Tower  
  109  7:35  Supply Depot  
  112  7:39  Viking  
  111  7:45  SCV  
  111  7:47  Siege Tank  
  111  7:50  SCV  
  116  7:57  Refinery  
  116  7:59  SCV  
  116  8:00  Factory x2  
  116  8:04  Barracks Reactor  
  117  8:06  SCV  
  117  8:07  Command Center  
  117  8:11  Viking x2  
  122  8:16  Supply Depot  
  122  8:18  Supply Depot  
  122  8:19  Siege Tank  
  125  8:21  Missile Turret  
  125  8:24  Sensor Tower  
  125  8:29  Mag-Field Accelerator  
  125  8:30  Liberator x2  
  125  8:31  Supply Depot  
  125  8:32  Supply Depot  
  125  8:41  Command Center  
  131  8:54  Cyclone x2  
  137  9:02  Hellion  
  136  9:13  SCV  
  136  9:14  Factory  
  136  9:16  SCV  
  133  9:19  Hellion  
  133  9:22  Factory  
  133  9:23  SCV  
  133  9:26  Hellion, Cyclone  
  133  9:29  Infernal Pre-Igniter, Cyclone  
  133  9:31  SCV  
  142  9:34  SCV  
  142  9:38  SCV  
  144  9:43  SCV  
  145  9:46  SCV  
  145  9:51  Hellion  
  145  9:52  Hellion, SCV  
  151  9:57  SCV  
  151  9:58  Cyclone  
  155  10:01  Factory Tech Lab, Missile Turret x2  
  155  10:03  SCV  
  155  10:04  Refinery, Sensor Tower  
  155  10:05  Factory Reactor  
  156  10:08  Refinery  
  156  10:10  Sensor Tower  
  156  10:12  SCV  
  157  10:14  Hellion  
  157  10:15  Hellion, Terran Vehicle And Ship Armor Level 2  
  157  10:16  Terran Ship Weapons Level 1  
  161  10:22  Hellion, Cyclone  
  159  10:31  Hellion  
  159  10:32  SCV  
  159  10:33  SCV  
  151  10:36  Hellion x2  
  151  10:38  Planetary Fortress  
  155  10:43  Cyclone  
  155  10:46  Viking x2  
  157  10:50  SCV  
  157  10:52  Hellion, Cyclone  
  157  10:54  Hellion  
  157  10:56  SCV  
  166  10:57  Hellion x2  
  166  10:59  Liberator x2  
  164  11:04  Hellion  
  160  11:12  SCV  
  160  11:15  Command Center, Cyclone x2  
  160  11:16  SCV  
  174  11:23  Hellion  
  174  11:24  Cyclone  
  179  11:29  Hellion  
  181  11:37  Hellion x2  
  181  11:38  Supply Depot  
  185  11:44  Liberator x2  
  185  11:45  Hellion  
  177  11:47  Cyclone x2  
  177  11:56  Cyclone  
  177  11:58  Barracks  
  177  12:00  Hellion  
  188  12:16  Hellion  
  188  12:18  Hellion  
  188  12:19  Cyclone  
  191  12:24  Hellion, Cyclone  
  191  12:27  Hellion  
  191  12:28  Cyclone  
  195  12:35  Starport, Fusion Core  
  195  12:41  Starport  
  195  12:44  Viking  
  197  12:47  Hellion  
  197  12:51  Hellion, Cyclone  
  196  12:53  Hellion  
  196  12:56  Cyclone  
  198  13:03  Starport, Terran Ship Weapons Level 2, Terran Vehicle And Ship Armor Level 3  
  198  13:04  Starport  
  198  13:06  Hellion  
  198  13:12  Orbital Command, Command Center x2  
  200  13:20  Starport Tech Lab  
  200  13:21  Starport Reactor  
  200  13:25  Planetary Fortress  
  200  13:41  Liberator  
  199  13:44  Supply Depot  
  199  13:45  Starport Reactor x2  
  199  13:46  Liberator  
  199  13:47  Advanced Ballistics  
  185  13:59  Liberator x2  
  185  14:01  Hellion, Cyclone  
  185  14:07  Hellion, Cyclone  
  185  14:08  Refinery, Liberator  
  184  14:14  Hellion  
  183  14:18  Liberator  
  183  14:19  Hellion, Cyclone  
  183  14:23  Hellion  
  178  14:24  Viking  
  178  14:27  Liberator  
  178  14:31  Liberator  
  177  14:33  Cyclone  
  176  14:43  Hellion, Cyclone  
  159  14:55  Hellion, Cyclone  
  155  15:04  Hellion x2  
  155  15:05  Cyclone  
  155  15:06  SCV  
  163  15:08  SCV  
  163  15:11  Hellion  
  166  15:15  Cyclone  
  166  15:20  Hellion  
  171  15:25  Hellion  
  171  15:26  Hellion  
  171  15:27  Cyclone  
  170  15:33  Planetary Fortress  
  170  15:34  Refinery  
  170  15:35  Refinery, Missile Turret  
  170  15:36  Hellion  
  170  15:37  Cyclone  
  170  15:38  Liberator  
  170  15:41  Hellion  
  174  15:49  Hellion, Cyclone  
  176  15:59  Orbital Command  
  176  16:13  Refinery, Viking x2  
  176  16:16  Hellion, Command Center  
  176  16:17  Hellion  
  186  16:18  Hellion  
  186  16:26  Hellion, Cyclone  
  191  16:37  Hellion, Cyclone  
  188  16:40  Viking  
  188  16:44  Viking  
  189  16:51  Viking x2  
  189  16:53  Viking  
  194  16:54  Hellion  
  194  16:59  Cyclone  
  194  17:00  Viking  
  197  17:16  Missile Turret  
  197  17:18  Missile Turret  
  192  17:30  Hellion, Cyclone  
  192  17:33  Hellion, Cyclone  
  193  17:45  Hellion, Cyclone  
  188  17:52  Hellion  
  188  17:53  Hellion  
  188  17:54  Viking x3, Liberator  
  188  17:56  Orbital Command  
  198  17:59  Hellion  
  195  18:12  Hellion x2, Cyclone  
  167  18:19  Hellion  
  153  18:21  Hellion x2  
  153  18:25  Cyclone  
  139  18:33  Hellion  
  141  18:37  Cyclone  
  144  18:42  Hellion  
  144  18:45  Hellion  
  144  18:47  Hellion  
  150  18:50  Hellion  
  150  18:55  Hellion  
  153  18:59  Hellion  
  156  19:24  Cyclone  
  156  19:25  Cyclone x2  
  156  19:36  Viking x2  
  156  19:37  Viking  
  162  19:42  Viking  
  161  19:51  Viking  
  163  19:57  Cyclone x2  
  168  20:00  Hellion x2  
  168  20:07  Hellion, Cyclone  
  168  20:11  Hellion  
  158  20:21  Hellion  
  158  20:22  Hellion  
  139  20:46  Cyclone  
  135  20:51  Hellion, Cyclone  
  135  20:54  Cyclone  
  127  21:17  Hellion  
  113  21:19  Cyclone  
Tags
 
Add a new tag
Caveats
  • Supply blocks, unpowered buildings, or Contaminate may cause inaccurate times.
  • Supply counts are checked every 10 seconds.